Map: Blackburn LE

Players

cure

  • Race: Terran Terran

Reynor - Winner!

  • Race: Zerg Zerg

Event: TSL 7

VOD

Have the link to the VOD?

Description

Time

  • Played on: June 26, 2021, 9:35 a.m.
  • Length: 17:41

All games in this series

Show
View Real Time Build Order
Export as new Build Order

cure Terran 

Build Orders:  

Get SALT Encoding   

  12  0:00  SCV  
  13  0:12  SCV  
  14  0:17  Supply Depot  
  14  0:24  SCV  
  15  0:38  SCV  
  15  0:39  Barracks  
  16  0:43  Refinery  
  16  0:51  SCV  
  17  0:58  Barracks  
  17  1:03  SCV  
  18  1:15  SCV  
  19  1:26  Reaper  
  19  1:27  Orbital Command  
  19  1:30  Supply Depot  
  20  1:44  Reaper  
  21  1:53  SCV  
  22  2:02  Reaper  
  22  2:05  SCV  
  24  2:12  Command Center  
  24  2:16  Refinery  
  24  2:17  SCV  
  24  2:21  Reaper  
  26  2:26  Supply Depot  
  26  2:29  SCV  
  27  2:34  Marine  
  28  2:42  SCV  
  29  2:54  Barracks Reactor, Barracks Tech Lab  
  29  2:56  SCV  
  30  3:04  Factory  
  30  3:09  SCV  
  31  3:13  Marine  
  32  3:21  SCV  
  32  3:25  Orbital Command  
  32  3:27  Stimpack  
  32  3:31  Marine  
  32  3:32  Marine x2  
  32  3:33  SCV  
  36  3:38  Refinery  
  36  3:41  Supply Depot  
  36  3:45  SCV  
  37  3:50  Starport, Factory Reactor  
  37  3:51  Marine x3  
  37  3:52  SCV  
  41  3:57  SCV  
  42  4:04  SCV  
  42  4:09  SCV, Marine x2, Engineering Bay  
  46  4:17  SCV  
  47  4:18  Marine  
  47  4:19  Supply Depot  
  47  4:21  SCV  
  49  4:27  Marine x2  
  49  4:30  SCV  
  52  4:33  Factory Tech Lab, SCV  
  52  4:34  Medivac  
  52  4:35  Medivac  
  52  4:38  Terran Infantry Weapons Level 1  
  57  4:43  Supply Depot  
  57  4:45  Marine x2  
  59  4:46  Marine  
  59  4:51  SCV x2  
  62  4:55  Siege Tank  
  65  5:03  Marine x2  
  65  5:04  Marine  
  68  5:09  Barracks  
  68  5:12  SCV x2  
  68  5:13  Combat Shield  
  70  5:15  Starport Reactor  
  70  5:17  Supply Depot  
  70  5:21  Marine x3  
  70  5:27  Siege Tank  
  76  5:30  SCV x2  
  78  5:41  Marine x3  
  78  5:42  Medivac  
  83  5:44  SCV  
  83  5:45  Supply Depot  
  84  5:51  Supply Depot  
  84  5:57  SCV x2  
  86  6:06  Marine x2, Siege Tank  
  86  6:07  Marauder  
  93  6:19  Starport Reactor  
  93  6:21  Command Center  
  93  6:26  SCV x2  
  95  6:34  Marine x4  
  95  6:35  Marauder  
  95  6:38  SCV  
  95  6:39  Refinery  
  102  6:41  Supply Depot x2  
  102  6:44  SCV, Siege Tank  
  101  6:56  Terran Infantry Armor Level 1  
  101  6:57  Marauder  
  102  7:02  Barracks  
  102  7:05  Barracks  
  102  7:07  SCV x2  
  104  7:10  Marine x4  
  104  7:15  Medivac  
  109  7:19  Marauder  
  109  7:20  Medivac  
  110  7:27  Siege Tank  
  111  7:36  Marine x4  
  115  7:40  Marauder  
  115  7:42  SCV x2  
  119  7:45  Concussive Shells  
  119  7:55  Barracks Tech Lab x2, Marine x4, Missile Turret  
  123  7:59  SCV x2, Orbital Command  
  123  8:01  Marauder  
  123  8:05  Siege Tank  
  130  8:06  Medivac  
  130  8:09  Medivac  
  134  8:16  Bunker  
  134  8:17  Bunker  
  134  8:18  Marauder  
  136  8:26  Marauder, Marine x3  
  135  8:34  Marauder, Marine  
  108  8:39  Marine  
  110  8:43  Medivac, Siege Tank  
  110  8:45  SCV  
  110  8:46  SCV x2  
  118  8:51  Marauder, Marine  
  118  8:52  Marine  
  118  8:53  Marine  
  123  9:01  Medivac  
  123  9:02  Missile Turret  
  125  9:06  Marauder x2  
  125  9:09  Supply Depot  
  129  9:12  Marauder  
  131  9:22  Marine x4  
  135  9:26  Siege Tank  
  135  9:28  Marauder x2  
  141  9:32  Medivac  
  141  9:34  Supply Depot x2  
  143  9:41  Marauder  
  143  9:44  Marine x4  
  149  9:48  Barracks, Supply Depot  
  149  9:51  SCV  
  149  9:53  SCV  
  149  9:56  SCV, Marauder x2  
  154  10:04  Marauder, Marine x4  
  160  10:07  Supply Depot  
  160  10:08  Siege Tank  
  160  10:13  Supply Depot  
  163  10:17  Marauder x2  
  165  10:27  Marauder, Marine x4  
  168  10:29  Medivac  
  170  10:39  Marauder x2  
  173  10:44  Siege Tank  
  173  10:45  Marine x4  
  173  10:48  Supply Depot  
  173  10:49  Marauder  
  182  10:51  Refinery  
  182  10:52  Refinery  
  182  11:00  Marauder x2  
  182  11:03  Marine x3  
  189  11:09  Marine  
  189  11:10  Marauder  
  192  11:11  Armory, Engineering Bay  
  192  11:13  Medivac  
  194  11:21  Marauder, Marine  
  194  11:22  Command Center  
  169  12:01  Supply Depot  
  169  12:02  Supply Depot  
  169  12:14  Marauder  
  165  12:21  Marine  
  165  12:22  Marine x3, Siege Tank  
  173  12:23  Marauder x2  
  168  12:36  Marauder  
  141  12:39  Marine  
  141  12:40  Marine x3  
  141  12:41  Orbital Command  
  140  12:44  Marauder x2  
  140  12:45  Terran Infantry Weapons Level 2  
  139  12:53  Terran Infantry Armor Level 2  
  139  12:57  Orbital Command, Marauder, Marine x2  
  139  12:58  Marine x2, Siege Tank  
  140  13:05  Marauder x2  
  140  13:11  Missile Turret  
  136  13:14  Marine  
  136  13:17  Orbital Command  
  136  13:18  Missile Turret  
  137  13:24  Marauder, Marine  
  133  13:27  Marauder x2  
  133  13:28  Medivac  
  133  13:33  Siege Tank  
  124  13:45  Marauder  
  130  13:48  Marauder x2  
  130  13:51  Medivac  
  130  13:54  Marine x2  
  134  13:55  Marine x2  
  136  14:06  Siege Tank  
  136  14:07  Marauder  
  141  14:18  Orbital Command, Marauder, Marine x4  
  145  14:27  Marine  
  145  14:28  Marauder  
  145  14:30  Refinery  
  148  14:36  Marine x3  
  148  14:38  Marine  
  152  14:39  Marauder  
  152  14:40  SCV x3  
  152  14:44  SCV  
  158  14:46  Marauder  
  158  14:49  Marauder  
  158  14:52  SCV  
  163  14:54  Marine x3  
  163  14:56  Marine  
  167  15:00  Marauder  
  167  15:01  Siege Tank  
  167  15:03  Medivac  
  174  15:07  Marauder  
  174  15:10  SCV x3  
  174  15:11  Marauder, Marine x2  
  174  15:12  Marine  
  183  15:14  Marine  
  184  15:22  Marauder  
  184  15:28  Marine  
  182  15:32  Marauder, Marine x4  
  186  15:43  Marauder  
  186  15:46  Marauder  
  181  16:07  Marine x4  
  181  16:08  Marauder x3  
  168  16:19  Siege Tank  
  168  16:25  Marine x4  
  145  16:29  Marauder x2, Marine  
  106  16:33  Medivac  
  108  16:42  Liberator  
  108  16:43  Marine x4  
  115  16:47  Marauder  
  115  16:50  Marauder x2  
  119  17:01  Marine x4  
  108  17:08  Marauder  
  108  17:11  Marine x2  
  108  17:19  Marine  
Show
View Real Time Build Order
Export as new Build Order

Reynor Zerg - Winner!

Build Orders: Pool First 

Get SALT Encoding   

  12  0:00  Drone  
  13  0:12  Overlord  
  13  0:17  Drone  
  14  0:31  Drone x2  
  14  0:34  Drone  
  17  0:44  Spawning Pool  
  17  0:48  Drone  
  17  1:08  Hatchery  
  17  1:11  Drone  
  17  1:14  Drone  
  18  1:30  Queen  
  20  1:33  Zergling x2  
  21  1:47  Hatchery  
  20  1:51  Overlord  
  20  1:55  Drone  
  20  1:58  Drone  
  22  2:09  Queen  
  22  2:11  Drone  
  22  2:14  Drone  
  26  2:22  Queen  
  28  2:26  Drone  
  28  2:29  Zergling x2  
  30  2:32  Drone  
  31  2:38  Overlord  
  31  2:40  Drone  
  31  2:43  Drone  
  33  2:45  Drone  
  33  2:49  Drone  
  35  2:51  Drone  
  35  2:58  Queen  
  38  3:00  Drone  
  38  3:03  Extractor, Drone  
  38  3:05  Drone  
  40  3:09  Overlord  
  40  3:12  Drone  
  41  3:18  Queen  
  43  3:28  Drone x5  
  43  3:31  Overlord  
  48  3:37  Drone x3  
  48  3:40  Zergling x2  
  52  3:45  Overlord  
  52  3:47  Drone x2  
  52  3:48  Drone  
  55  3:51  Drone  
  55  3:53  Drone, Extractor  
  55  3:55  Drone  
  57  3:57  Overlord  
  57  4:01  Drone  
  58  4:05  Drone x2  
  58  4:08  Drone  
  61  4:10  Drone, Roach Warren  
  61  4:12  Drone  
  61  4:14  Overlord  
  62  4:17  Drone x2  
  62  4:22  Lair  
  64  4:27  Extractor, Drone  
  64  4:28  Drone  
  65  4:35  Overlord  
  65  4:37  Spore Crawler  
  64  4:38  Drone x2  
  64  4:39  Drone  
  64  4:40  Drone  
  64  4:44  Overlord  
  68  4:50  Roach x3  
  76  4:55  Roach  
  76  4:59  Roach  
  80  5:01  Roach x4  
  80  5:02  Drone x2  
  80  5:05  Extractor  
  90  5:07  Drone, Evolution Chamber  
  90  5:11  Evolution Chamber  
  90  5:13  Drone x5  
  91  5:18  Overlord  
  91  5:23  Drone, Glial Reconstitution  
  91  5:25  Drone  
  91  5:27  Extractor x2  
  91  5:31  Roach  
  93  5:36  Roach x2  
  93  5:39  Zerg Missile Weapons Level 1  
  93  5:40  Drone  
  98  5:45  Overlord  
  98  5:46  Zerg Ground Armor Level 1  
  98  5:47  Overlord  
  98  5:53  Hatchery, Drone  
  98  5:56  Overlord x2  
  98  6:03  Overlord  
  98  6:04  Roach x4  
  98  6:10  Hatchery, Roach x4  
  113  6:13  Overlord x2  
  115  6:18  Roach x3  
  115  6:23  Roach x3  
  123  6:26  Drone  
  123  6:27  Drone x2  
  123  6:31  Overlord  
  126  6:33  Roach x2  
  126  6:34  Drone  
  126  6:39  Roach x2  
  133  6:47  Overlord  
  133  6:49  Roach x5  
  137  6:55  Roach x3  
  137  6:58  Overlord  
  137  6:59  Roach  
  145  7:10  Roach x5  
  145  7:11  Overlord  
  155  7:17  Roach x2  
  151  7:23  Roach x4  
  151  7:27  Roach x2  
  161  7:32  Roach x3  
  161  7:35  Ravager x4  
  171  7:38  Roach x2  
  171  7:41  Roach x2  
  171  7:43  Overlord  
  179  7:45  Ravager x4  
  179  7:46  Ravager  
  184  8:04  Roach x4  
  191  8:07  Overlord  
  191  8:19  Overlord  
  161  8:29  Roach x13  
  130  8:36  Roach  
  130  8:37  Zerg Ground Armor Level 2, Zerg Missile Weapons Level 2  
  130  8:39  Roach  
  117  8:42  Roach  
  117  8:43  Roach x4  
  117  8:44  Roach  
  117  8:46  Roach  
  117  8:47  Roach  
  131  8:50  Queen  
  131  8:54  Roach x2  
  137  8:56  Roach x4  
  137  8:59  Roach x2  
  149  9:03  Roach x2  
  149  9:07  Roach x3  
  161  9:10  Roach  
  161  9:14  Drone x3  
  163  9:17  Overlord  
  163  9:22  Drone  
  163  9:23  Drone x2  
  164  9:27  Extractor  
  163  9:32  Tunneling Claws  
  163  9:33  Burrow  
  163  9:37  Hatchery  
  162  9:40  Roach x5  
  172  9:48  Roach x5  
  182  9:53  Roach x4  
  182  9:58  Roach x3  
  194  10:02  Roach x3  
  194  10:17  Spore Crawler  
  194  10:18  Drone  
  194  10:19  Drone x2  
  186  10:24  Roach x9  
  186  10:27  Overlord  
  198  10:32  Drone x2  
  200  10:41  Infestation Pit, Roach x7  
  199  10:45  Drone  
  200  10:51  Overlord  
  200  11:01  Roach x27  
  200  11:03  Roach x25  
  184  11:06  Roach  
  184  11:07  Roach x8  
  198  11:13  Roach  
  200  11:25  Hive  
  200  11:31  Ravager x5  
  199  11:36  Ravager, Roach x21  
  188  11:51  Roach x16  
  188  11:52  Hatchery  
  191  11:59  Roach x3  
  191  12:01  Ravager x4  
  195  12:07  Roach x3  
  193  12:10  Roach x19  
  185  12:18  Roach x2  
  185  12:19  Roach x4  
  189  12:25  Roach x2  
  180  12:30  Roach x3  
  157  12:46  Roach x5  
  157  12:47  Roach x3  
  157  12:48  Ravager x2, Roach x26  
  161  12:59  Roach x2  
  161  13:01  Viper x2  
  165  13:08  Drone x7  
  165  13:09  Drone  
  173  13:15  Roach  
  169  13:30  Roach  
  169  13:31  Roach x7  
  169  13:32  Drone x2  
  174  13:40  Roach  
  172  13:42  Drone x3  
  175  13:49  Drone x3  
  175  13:51  Hydralisk Den  
  178  13:55  Drone x3  
  178  13:56  Drone x2  
  178  13:57  Extractor  
  178  13:58  Drone x2  
  178  13:59  Extractor  
  182  14:14  Hatchery  
  182  14:16  Queen  
  183  14:17  Drone x2  
  183  14:21  Zerg Missile Weapons Level 3  
  183  14:23  Lurker Den  
  184  14:26  Roach x2  
  185  14:31  Drone x2  
  185  14:32  Zerg Ground Armor Level 3  
  186  14:44  Roach  
  184  14:55  Hydralisk x7  
  198  15:02  Extractor  
  198  15:05  Drone  
  198  15:08  Overlord  
  198  15:17  Roach  
  198  15:19  Roach  
  196  15:27  Lurker  
  196  15:28  Lurker x5  
  190  15:42  Seismic Spines, Lurker  
  187  15:52  Roach  
  187  15:56  Hydralisk x6  
  197  16:06  Viper x2  
  197  16:09  Extractor  
  197  16:10  Extractor  
  167  16:20  Roach x11  
  167  16:21  Roach  
  151  16:27  Queen x2  
  151  16:28  Queen  
  151  16:29  Roach x5  
  146  16:41  Roach x4  
  146  16:42  Queen  
  146  16:46  Roach x3  
  160  16:52  Roach x4  
  163  16:57  Roach x2  
  163  17:00  Roach  
  153  17:03  Queen, Roach  
  153  17:05  Roach x2  
  157  17:13  Hydralisk x2  
  157  17:18  Hatchery  
Tags
 
Add a new tag
Caveats
  • Supply blocks, unpowered buildings, or Contaminate may cause inaccurate times.
  • Supply counts are checked every 10 seconds.